Map: King's Cove LE

Players

Bundaberg - Winner!

  • Race: Zerg Zerg
  • League: Master
  • Spawn Location: 11:00

DoubleBarrel

  • Race: Terran Terran
  • League: Grandmaster
  • Spawn Location: 5:00

VOD

Have the link to the VOD?

Description

Time

  • Played on: Feb. 1, 2019, 1:11 a.m.
  • Length: 6:49
Show
View Real Time Build Order
Export as new Build Order

Bundaberg Zerg - Winner!

Build Orders: Pool First 

Get SALT Encoding   

  12  0:01  Drone  
  13  0:13  Overlord  
  13  0:18  Drone  
  14  0:32  Drone x2  
  16  0:36  Drone  
  17  0:47  Spawning Pool  
  17  0:50  Drone  
  17  0:57  Drone  
  18  1:14  Hatchery  
  18  1:17  Extractor  
  16  1:18  Drone  
  17  1:34  Queen  
  19  1:41  Zergling x6  
  22  1:53  Overlord  
  22  2:12  Queen  
  24  2:17  Drone x2  
  25  2:30  Queen  
  25  2:32  Drone x2  
  29  2:43  Metabolic Boost  
  29  2:45  Drone x4  
  29  2:50  Overlord  
  33  3:01  Lair  
  33  3:04  Drone  
  33  3:05  Drone  
  35  3:18  Drone  
  35  3:19  Drone x3  
  39  3:28  Drone  
  39  3:29  Drone x3  
  43  3:35  Overlord  
  43  3:45  Hatchery  
  42  3:50  Roach Warren  
  42  3:53  Drone  
  42  3:54  Drone  
  43  3:58  Drone  
  43  3:59  Drone x2  
  46  4:06  Zergling x6  
  49  4:15  Extractor  
  49  4:16  Extractor  
  47  4:19  Overlord x2  
  47  4:20  Nydus Network  
  46  4:35  Overlord  
  46  4:37  Drone, Queen  
  46  4:38  Drone x3  
  51  4:44  Roach x4  
  60  4:52  Queen  
  60  4:53  Overlord  
  62  5:04  Overseer  
  62  5:17  Roach x5  
  72  5:21  Roach  
  72  5:22  Roach x4  
  78  5:32  Spore Crawler  
  78  5:34  Nydus Canal  
  77  5:40  Roach x2  
  74  6:05  Roach x4  
  78  6:14  Zergling x2  
  78  6:15  Zergling x12  
Show
View Real Time Build Order
Export as new Build Order

DoubleBarrel Terran 

Build Orders: Liberator Opening, Reaper Expand 

Get SALT Encoding   

  12  0:01  SCV  
  13  0:13  SCV  
  14  0:18  Supply Depot  
  14  0:25  SCV  
  15  0:39  SCV  
  15  0:40  Barracks  
  16  0:44  Refinery  
  16  0:51  SCV  
  17  1:03  SCV  
  18  1:16  SCV  
  19  1:28  Orbital Command  
  19  1:30  Reaper  
  20  1:44  Command Center  
  20  1:54  SCV, Supply Depot  
  21  2:02  Marine  
  22  2:09  Factory  
  22  2:12  SCV  
  23  2:20  Refinery  
  23  2:23  Barracks Reactor  
  23  2:28  SCV  
  24  2:40  SCV  
  25  2:53  SCV  
  25  2:54  Starport  
  25  2:56  Orbital Command  
  26  3:05  SCV  
  27  3:07  Hellion x2  
  31  3:18  SCV  
  32  3:24  SCV  
  32  3:26  Barracks Tech Lab  
  33  3:30  SCV  
  33  3:31  Viking, Hellion x2  
  40  3:39  SCV, Supply Depot  
  41  3:42  SCV  
  41  3:46  Marine  
  41  3:47  Stimpack, Liberator  
  43  3:52  Hellion  
  43  3:54  SCV  
  46  4:01  Hellion, SCV  
  49  4:03  Supply Depot  
  49  4:09  SCV  
  53  4:13  SCV  
  54  4:24  SCV  
  54  4:25  SCV, Supply Depot  
  54  4:31  Marine  
  56  4:37  SCV x2  
  59  4:42  Factory Reactor  
  59  4:48  Barracks, Command Center  
  59  4:50  Barracks  
  60  4:52  SCV  
  60  4:53  SCV  
  60  4:55  Starport Tech Lab  
  60  4:57  Marine  
  62  5:05  SCV  
  63  5:08  SCV  
  62  5:16  Refinery x2  
  62  5:17  Marine, SCV  
  62  5:18  Engineering Bay  
  62  5:19  Engineering Bay  
  62  5:20  SCV  
  65  5:28  Starport Reactor  
  65  5:29  SCV  
  65  5:32  SCV  
  67  5:36  Marine, Marauder  
  70  5:48  Bunker  
  70  5:59  Marine x3  
  70  6:00  Siege Tank  
  55  6:16  Marine  
  55  6:17  Marine x2  
  39  6:21  SCV  
  39  6:24  SCV x2  
Tags
 
Add a new tag
Caveats
  • Supply blocks, unpowered buildings, or Contaminate may cause inaccurate times.
  • Supply counts are checked every 10 seconds.